 Dungeon Crawl Stone Soup version 0.18.1-8-gdd0e5ea (webtiles) character file.

260424 nikopol the Impaler (level 19, 0/177 HPs)
             Began as a Minotaur Berserker on June 5, 2016.
             Was the Champion of Trog.
             Killed by vampiric draining
             ... invoked by a vampire knight
              (3 damage)
             ... on level 1 of the Vaults.
             The game lasted 03:18:38 (41761 turns).

nikopol the Impaler (Minotaur Berserker)           Turns: 41761, Time: 03:18:39

Health: 0/177      AC: 46    Str: 24    XL:     19   Next: 17%
Magic:  0/36       EV: 18    Int:  4    God:    Trog [******]
Gold:   496        SH:  0    Dex: 26    Spells: 0 memorised, 18 levels left

rFire  . . .     SeeInvis .     x - +7 trident "Vaefu" {drain, rElec MR+ MP+9}
rCold  . . .     Gourm    .     i - +10 crystal plate armour "Ziecu" {MP+9 Dex+7}
rNeg   . . .     Faith    .     (no shield)
rPois  .         Spirit   +     h - +2 hat {MR+}
rElec  +         Dismiss  .     g - +1 cloak
rCorr  .         Reflect  .     r - +2 pair of gloves {Dex+3}
SustAt .         Harm     .     A - +1 pair of boots
MR     +++..                    F - amulet of guardian spirit
Stlth  ..........               (no ring)
                                (no ring)

@: lethally poisoned (0 -> -1), extremely resistant to hostile enchantments,
extremely unstealthy
A: retaliatory headbutt, horns 2
a: Berserk, Trog's Hand, Brothers in Arms, Burn Spellbooks, Renounce Religion
}: 2/15 runes: decaying, gossamer


You were on level 1 of the Vaults.
You worshipped Trog.
Trog was exalted by your worship.
You were hungry.

You visited 6 branches of the dungeon, and saw 34 of its levels.
You also visited: Sewer.

You collected 3216 gold pieces.
You spent 2720 gold pieces at shops.

Inventory:

Hand Weapons
 c - the +2 longbow of Extermination {flame, Dex+4}
   (Trog gifted it to you on level 8 of the Lair of Beasts)

   It causes projectiles fired from it to burn those they strike, causing extra
   injury to most foes and up to half again as much damage against particularly
   susceptible opponents.
   It affects your dexterity (+4).
 p - a +2 longbow of flaming
 u - a +5 antimagic bardiche
 w - a +4 shortbow of velocity
 x - the +7 trident "Vaefu" (weapon) {drain, rElec MR+ MP+9}
   (You found it on level 5 of the Dungeon)

   A truly terrible weapon, it drains the life of those it strikes.
   It insulates you from electricity.
   It affects your resistance to hostile enchantments.
   It affects your magic capacity (+9).
 K - a +4 glaive of protection
Missiles
 n - 674 arrows
Armour
 g - a +1 cloak (worn)
 h - a +2 hat of magic resistance (worn)
 i - the +10 crystal plate armour "Ziecu" (worn) {MP+9 Dex+7}
   (You bought it in a shop on level 2 of the Orcish Mines)

   It affects your dexterity (+7).
   It affects your magic capacity (+9).
 r - a +2 pair of gloves of dexterity (worn)
 A - a +1 pair of boots (worn)
Jewellery
 s - a +3 ring of protection
 F - an amulet of guardian spirit (around neck)
 G - an uncursed ring of positive energy
 H - an uncursed ring of poison resistance
 L - an uncursed ring of protection from cold
 W - an uncursed ring of protection from fire
 X - an uncursed amulet of dismissal {unknown}
 Z - a +4 ring of evasion
Wands
 a - a wand of hasting (4/9)
 C - a wand of digging (10/24)
 M - a wand of disintegration (17/24)
 T - a wand of teleportation (7/9)
Scrolls
 d - 9 scrolls of remove curse
 f - 2 scrolls of recharging
 j - 14 scrolls of identify
 l - 2 scrolls of blinking
 t - 4 scrolls of fog
 y - 6 scrolls of enchant weapon
 D - 10 scrolls of teleportation
 N - a scroll of silence
 R - 4 scrolls of magic mapping
Potions
 e - 6 potions of flight
 k - 7 potions of haste
 m - 3 potions of cure mutation
 q - 22 potions of curing
 v - 4 potions of agility {unknown}
 I - 3 potions of might
 J - 5 potions of heal wounds
 O - 6 potions of berserk rage
 P - a potion of brilliance
 Q - 4 potions of magic
 S - 4 potions of ambrosia
 V - a potion of invisibility
 Y - 8 potions of resistance
Comestibles
 b - 20 bread rations
 o - 19 meat rations
 z - 25 fruits
 B - 5 chunks of flesh


   Skills:
 + Level 17.5 Fighting
 * Level 19.8 Polearms
 * Level 19.8 Bows
 + Level 17.3 Armour
 + Level 16.1 Dodging


You had 18 spell levels left.
You didn't know any spells.

Dungeon Overview and Level Annotations

Branches:
Dungeon (15/15)            Temple (0/1) D:6            Lair (8/8) D:9
  Swamp (4/4) Lair:6       Spider (4/4) Lair:6        Slime (0/6) Lair:8
    Orc (2/2) D:11            Elf (0/3) Orc:2        Vaults (1/5) D:13
 Depths (0/5) D:15

Altars:
Cheibriados
Gozag
Makhleb
Nemelex Xobeh
Ru
Trog
Vehumet
Yredelemnul
Zin
The Shining One
Beogh

Shops:
Orc:1 =   Orc:2 }([}

Annotations:
Vaults:1 Louise


Innate Abilities, Weirdness & Mutations

You reflexively headbutt those who attack you in melee.
You have a pair of horns on your head.


Message History

* * * LOW HITPOINT WARNING * * *
The vampire knight draws life force from you and is healed!
You hit the vampire knight but do no damage.
You headbutt the vampire knight, but do no damage.
The vampire knight is heavily damaged.
Louise casts a spell at you. The sting hits you!
You are poisoned.
You hit the vampire knight but do no damage.
You headbutt the vampire knight, but do no damage.
The vampire knight is heavily damaged.
You feel sick.
The vampire knight hits you with a war axe!
* * * LOW HITPOINT WARNING * * *
The vampire knight bites you but does no damage.
You hit the vampire knight.
You headbutt the vampire knight, but do no damage.
The vampire knight is heavily damaged.
The vampire knight is infused with unholy energy.
You die...

########
#############....... .
#...........#...#...
...@#...........#...#...
##..'..@V.......#.###...
^#..#...........#.......
#...........#.....#.
+......)....#.......
+..(...†....'.###...
#...........#...#...
#...........#...#...
#...........#.......
####################


You could see Louise and a vampire knight.

Vanquished Creatures
  Mara (Spider:3)
  Saint Roka (Orc:2)
  Arachne (Spider:1)
  Agnes (Vaults:1)
  Gastronok (Orc:1)
  The ghost of manyhoops the Shatterer, a journeyman OgBe of Trog (Lair:8)
  Kirke (Swamp:1)
  2 thorn hunters
  A fire giant (D:15)
  8 ghost moths
  The ghost of rockintein the Severer, a journeyman MiBe of Trog (Lair:8)
  6 emperor scorpions
  A stone giant (Orc:1)
  Nessos (D:14)
  2 ironheart preservers (Vaults:1)
  The ghost of F1L1N the Fighter, a journeyman GrBe of Trog (Lair:8)
  Azrael (D:14)
  The ghost of Zleub the Fighter, a journeyman MiFi of Pakellas (Spider:1)
  3 spark wasps (Spider:4)
  A vault guard (D:13)
  A deep elf death mage (Vaults:1)
  A fire dragon (Vaults:1)
  3 entropy weavers
  2 yaktaur captains (Vaults:1)
  24 hydras
  Harold (Lair:3)
  3 catoblepae (Lair:8)
  8 centaur warriors
  11 alligators
  4 tengu warriors
  2 deep troll shamans (Vaults:1)
  3 orc high priests (Orc:2)
  26 death yaks
  Nergalle (Lair:4)
  A deep elf knight (Vaults:1)
  4 deep trolls (Vaults:1)
  5 shambling mangroves
  2 unseen horrors
  A deep elf archer (Vaults:1)
  6 spriggan druids
  5 hill giants
  14 swamp dragons
  The ghost of rockintein the Cleaver, a novice MiBe of Trog (D:6)
  35 wolf spiders
  A wolf spider zombie (D:14)
  11 ugly things
  4 orc knights
  5 orc sorcerers
  23 orb spiders
  A necromancer (Lair:6)
  10 hornets
  4 deep elf magi
  5 cyclopes
  2 manticores
  4 griffons
  15 elephants
  3 moths of wrath
  Joseph (D:7)
  6 black mambas
  An ice statue (Lair:7)
  An eye of devastation (Lair:8)
  17 spiny frogs
  2 torpor snails
  A gargoyle (D:14)
  A small abomination (Vaults:1)
  A vault sentinel (Vaults:1)
  19 demonic crawlers
  An ice devil (Lair:7)
  2 kobold demonologists
  4 yaktaurs
  12 komodo dragons
  6 trolls
  A troll (shapeshifter) (Vaults:1)
  A queen bee (shapeshifter) (D:14)
  2 polar bears (Lair:7)
  3 giant leeches
  43 jumping spiders
  2 two-headed ogres
  19 blink frogs
  6 bog bodies (Swamp:4)
  7 slime creatures
  A hornet zombie (D:15)
  3 boulder beetles
  A spriggan (shapeshifter) (D:15)
  7 spriggans
  96 redbacks
  A centaur simulacrum (D:14)
  4 shadows
  2 wraiths (D:13)
  40 tarantellas
  Eustachio (D:5)
  5 wyverns
  26 yaks
  2 hogs (Swamp:1)
  5 basilisks
  2 hungry ghosts (D:9)
  13 hippogriffs
  A mottled dragon (D:14)
  3 fire elementals (D:14)
  15 vampire mosquitoes
  A redback simulacrum (D:15)
  18 insubstantial wisps
  6 wargs (Orc:2)
  5 hell hounds (D:14)
  18 swamp worms
  11 porcupines
  13 water moccasins
  27 wasps
  41 orc warriors
  16 swamp drakes
  15 ice beasts
  6 sky beasts
  Purgy (Sewer)
  2 necrophages
  3 black bears
  An eye of draining (shapeshifter) (D:13)
  A phantom (D:10)
  An elephant zombie (Lair:6)
  12 ogres
  2 eyes of draining
  18 wolves
  11 centaurs
  18 crocodiles
  3 big kobolds
  23 giant frogs
  A wyvern zombie (D:8)
  4 scorpions
  A howler monkey (D:4)
  An electric eel (Lair:6)
  4 centaur zombies
  A giant frog zombie (D:12)
  5 crimson imps
  A quasit (D:5)
  A hound (D:8)
  Crazy Yiuf (D:5)
  2 basilisk zombies (Lair:6)
  26 orc priests
  5 centaur skeletons
  5 jellies
  29 orc wizards
  An iron imp (D:7)
  2 giant frog skeletons
  5 iguanas
  10 worker ants
  38 sheep
  A crocodile zombie (Lair:6)
  A hound zombie (D:9)
  2 hound skeletons
  2 worker ant zombies
  A howler monkey zombie (D:8)
  22 gnolls
  56 river rats
  11 adders
  A howler monkey skeleton (D:6)
  4 shadow imps
  2 white imps (Lair:7)
  2 oozes (D:1)
  An adder zombie (D:8)
  3 adder skeletons (D:4)
  A worm (D:5)
  3 dart slugs
  2 giant geckos
  124 orcs
  11 giant cockroaches
  7 goblins
  5 hobgoblins
  9 jackals
  8 quokkas
  2 ball pythons (Sewer)
  9 bats
  12 giant newts
  21 kobolds
  A quokka skeleton (D:4)
  7 rats
  A crawling corpse (Vaults:1)
  A fungus (Lair:3)
  3 plants
1427 creatures vanquished.

Vanquished Creatures (others)
  A boulder beetle (Lair:8)
  A hog (Swamp:1)
  A human (Swamp:1)
  A wasp (Swamp:1)
  A scorpion (Spider:2)
  46 fungi
  21 plants
  3 toadstools (Swamp:1)
75 creatures vanquished.

Grand Total: 1502 creatures vanquished

Notes
Turn   | Place    | Note
--------------------------------------------------------------
     0 | D:1      | nikopol the Minotaur Berserker began the quest for the Orb.
     0 | D:1      | Reached XP level 1. HP: 19/19 MP: 0/0
   251 | D:1      | Reached XP level 2. HP: 27/27 MP: 1/1
   501 | D:1      | Reached ** piety under Trog
   501 | D:1      | Reached XP level 3. HP: 32/33 MP: 2/2
   803 | D:2      | Reached XP level 4. HP: 41/41 MP: 3/3
  1528 | D:3      | Found a sacrificial altar of Ru.
  1801 | D:3      | Reached *** piety under Trog
  1942 | D:4      | Reached XP level 5. HP: 45/47 MP: 4/4
  2020 | D:4      | Reached skill level 5 in Fighting
  2059 | D:4      | Reached skill level 5 in Polearms
  2077 | D:4      | Reached XP level 6. HP: 56/56 MP: 5/5
  2206 | D:4      | Found a sparkling altar of Nemelex Xobeh.
  2206 | D:4      | Found a basalt altar of Yredelemnul.
  2521 | D:4      | Reached XP level 7. HP: 62/62 MP: 6/6
  2538 | D:4      | Reached **** piety under Trog
  2658 | D:5      | Entered Level 5 of the Dungeon
  2678 | D:5      | Found a glowing drain.
  2702 | Sewer    | Entered a sewer
  2729 | Sewer    | Noticed Purgy
  2737 | Sewer    | Killed Purgy
  2737 | Sewer    | Reached skill level 5 in Armour
  2737 | Sewer    | Reached skill level 5 in Dodging
  2986 | D:5      | Noticed Crazy Yiuf
  2994 | D:5      | Killed Crazy Yiuf
  3081 | D:5      | Got a fine trident
  3092 | D:5      | Identified the +7 trident "Vaefu" {drain, rElec MR+ MP+9} (You found it on level 5 of the Dungeon)
  3120 | D:5      | Noticed Eustachio
  3140 | D:5      | Killed Eustachio
  3171 | D:5      | Reached XP level 8. HP: 71/71 MP: 7/7
  3827 | D:6      | Found a staircase to the Ecumenical Temple.
  3846 | D:6      | Noticed rockintein's ghost (novice MiBe)
  3855 | D:6      | Killed rockintein's ghost
  3864 | D:6      | Reached ***** piety under Trog
  3864 | D:6      | Reached XP level 9. HP: 81/81 MP: 8/8
  4114 | D:6      | Got a distressingly furry leather armour
  4800 | D:7      | Identified the +2 leather armour of the Farrier {rC+ Int+5} (You found it on level 6 of the Dungeon)
  4840 | D:7      | Found a snail-covered altar of Cheibriados.
  4955 | D:7      | Got an ancient ring mail
  4966 | D:7      | Identified the +4 ring mail of the Spider Nest {+Fly} (You found it on level 7 of the Dungeon)
  5121 | D:7      | Noticed Joseph
  5129 | D:7      | Killed Joseph
  5424 | D:8      | Found a radiant altar of Vehumet.
  5758 | D:8      | Reached XP level 10. HP: 91/91 MP: 9/9
  6068 | D:9      | Noticed an elephant
  6078 | D:9      | Killed an elephant
  6078 | D:9      | Reached skill level 1 in Bows
  6083 | D:9      | Found a staircase to the Lair.
  6183 | D:9      | Found a radiant altar of Vehumet.
  6184 | D:9      | Found a glowing golden altar of the Shining One.
  6324 | D:9      | Found a bloodstained altar of Trog.
  6537 | D:9      | Reached skill level 10 in Polearms
  6648 | D:9      | Found a glowing silver altar of Zin.
  6663 | D:9      | Found an opulent altar of Gozag.
  6743 | D:10     | Entered Level 10 of the Dungeon
  6784 | D:10     | Reached skill level 10 in Fighting
  6836 | D:10     | Noticed a sixfirhy
  7160 | D:10     | Received a gift from Trog
  7420 | D:11     | Noticed a tengu warrior
  7548 | Lair:1   | Entered Level 1 of the Lair of Beasts
  7602 | Lair:1   | Noticed an elephant
  7603 | Lair:1   | Noticed an elephant
  7604 | Lair:1   | Noticed an elephant
  7620 | Lair:1   | Killed an elephant
  7627 | Lair:1   | Killed an elephant
  7633 | Lair:1   | Killed an elephant
  7633 | Lair:1   | Reached skill level 10 in Armour
  7633 | Lair:1   | Reached XP level 11. HP: 59/101 MP: 6/10
  8682 | Lair:2   | Received a gift from Trog
  8791 | Lair:2   | Reached skill level 5 in Bows
  9261 | Lair:2   | Found a burning altar of Makhleb.
  9494 | Lair:2   | Reached skill level 10 in Dodging
  9921 | Lair:3   | Noticed Harold
  9932 | Lair:3   | Received a gift from Trog
  9939 | Lair:3   | Killed Harold
 10005 | Lair:3   | Noticed a six-headed hydra
 10015 | Lair:3   | Killed a six-headed hydra
 10015 | Lair:3   | Reached XP level 12. HP: 81/111 MP: 11/11
 10596 | Lair:3   | Noticed a death yak
 10600 | Lair:3   | Noticed a death yak
 10602 | Lair:3   | Noticed a death yak
 10603 | Lair:3   | Noticed a death yak
 10604 | Lair:3   | Noticed a death yak
 10606 | Lair:3   | Noticed a death yak
 10610 | Lair:3   | Killed a death yak
 10615 | Lair:3   | Killed a death yak
 10619 | Lair:3   | Killed a death yak
 10624 | Lair:3   | Killed a death yak
 10628 | Lair:3   | Killed a death yak
 10632 | Lair:3   | Killed a death yak
 11847 | Lair:4   | Noticed Nergalle
 11859 | Lair:4   | Killed Nergalle
 12671 | Lair:5   | Identified 3 scrolls of acquirement
 12761 | Lair:5   | Received a gift from Trog
 12808 | Lair:5   | Reached XP level 13. HP: 119/119 MP: 12/12
 13656 | Lair:6   | Found a staircase to the Swamp.
 13874 | Lair:6   | Received a gift from Trog
 14269 | Lair:6   | Found a hole to the Spider Nest.
 15003 | Lair:7   | Received a gift from Trog
 15460 | Lair:7   | Reached ****** piety under Trog
 15630 | Lair:7   | Reached skill level 10 in Bows
 15893 | Lair:8   | Entered Level 8 of the Lair of Beasts
 15900 | Lair:8   | Noticed rockintein's ghost (journeyman MiBe)
 15902 | Lair:8   | Noticed F1L1N's ghost (journeyman GrBe)
 15931 | Lair:8   | Killed rockintein's ghost
 15931 | Lair:8   | Reached XP level 14. HP: 77/130 MP: 1/13
 15942 | Lair:8   | Killed F1L1N's ghost
 16046 | Lair:8   | Noticed manyhoops's ghost (journeyman OgBe)
 16070 | Lair:8   | Killed manyhoops's ghost
 17169 | Lair:8   | Found a staircase to the Slime Pits.
 17189 | Lair:8   | Received a gift from Trog
 17223 | Lair:8   | Got a smoking longbow {god gift}
 17234 | Lair:8   | Identified the +2 longbow of Extermination {flame, Dex+4} (Trog gifted it to you on level 8 of the Lair of Beasts)
 18656 | D:11     | Reached skill level 15 in Polearms
 18722 | D:11     | Received a gift from Trog
 18886 | D:11     | Found a staircase to the Orcish Mines.
 19314 | Orc:1    | Entered Level 1 of the Orcish Mines
 19479 | Orc:1    | Noticed a stone giant
 19502 | Orc:1    | Killed a stone giant
 19502 | Orc:1    | Reached XP level 15. HP: 87/139 MP: 9/14
 19695 | Orc:1    | Noticed Gastronok
 19705 | Orc:1    | Killed Gastronok
 19831 | Orc:2    | Entered Level 2 of the Orcish Mines
 19870 | Orc:2    | Found a roughly hewn altar of Beogh.
 19976 | Orc:2    | Found a staircase to the Elven Halls.
 20152 | Orc:2    | Found a roughly hewn altar of Beogh.
 20159 | Orc:2    | Received a gift from Trog
 20324 | Orc:2    | Found a roughly hewn altar of Beogh.
 20598 | Orc:2    | Noticed Saint Roka
 23334 | Orc:2    | Killed Saint Roka
 23346 | Orc:2    | Found Qaukhlimm's Antique Armour Boutique.
 23350 | Orc:2    | Found Efymaa's Antique Weapon Shop.
 23388 | Orc:2    | Found a roughly hewn altar of Beogh.
 23503 | Orc:2    | Received a gift from Trog
 23531 | Orc:2    | Found a roughly hewn altar of Beogh.
 23540 | Orc:2    | Found Ziothal's Gadget Emporium.
 23791 | Orc:2    | Found a roughly hewn altar of Beogh.
 23851 | Orc:2    | Found a roughly hewn altar of Beogh.
 23871 | Orc:2    | Received a gift from Trog
 23887 | Orc:2    | Found Noege's Gadget Emporium.
 24280 | Orc:1    | Found Urafiw's Jewellery Emporium.
 24290 | Orc:1    | Received a gift from Trog
 24884 | D:12     | Found a bloodstained altar of Trog.
 25310 | D:13     | Received a gift from Trog
 25446 | D:13     | Reached skill level 15 in Fighting
 25522 | D:13     | Found a gate to the Vaults.
 25925 | D:13     | Reached skill level 15 in Bows
 26243 | D:14     | Noticed Nessos
 26253 | D:14     | Killed Nessos
 26253 | D:14     | Received a gift from Trog
 27029 | D:14     | Noticed Azrael
 27068 | D:14     | Killed Azrael
 27383 | D:15     | Entered Level 15 of the Dungeon
 27396 | D:15     | Found an opulent altar of Gozag.
 27407 | D:15     | Reached skill level 15 in Armour
 27438 | D:15     | Reached XP level 16. HP: 149/149 MP: 15/15
 28231 | D:15     | Found a staircase to the Depths.
 28904 | Swamp:1  | Entered Level 1 of the Swamp
 28934 | Swamp:1  | Received a gift from Trog
 29448 | Swamp:1  | Noticed a thorn hunter
 29454 | Swamp:1  | Killed a thorn hunter
 29690 | Swamp:1  | Received a gift from Trog
 30102 | Swamp:1  | Noticed Kirke
 30115 | Swamp:1  | Killed Kirke
 31688 | Orc:2    | Bought a jade-encrusted crystal plate armour for 2720 gold pieces
 31700 | Orc:2    | Identified the +10 crystal plate armour "Ziecu" {MP+9 Dex+7} (You bought it in a shop on level 2 of the Orcish Mines)
 32844 | Swamp:3  | Got a faintly humming hat
 32856 | Swamp:3  | Identified the +2 hat "Bekh" {*Corrode Str+10 Dex-4 Slay+6} (You found it on level 3 of the Swamp)
 33091 | Swamp:4  | Entered Level 4 of the Swamp
 33370 | Swamp:4  | Received a gift from Trog
 33481 | Swamp:4  | Received a gift from Trog
 33526 | Swamp:4  | Reached XP level 17. HP: 142/158 MP: 16/16
 33638 | Swamp:4  | Received a gift from Trog
 34294 | Swamp:4  | Received a gift from Trog
 34337 | Swamp:4  | Got a decaying rune of Zot
 34620 | Spider:1 | Entered Level 1 of the Spider Nest
 34656 | Lair:6   | Reached skill level 15 in Dodging
 34910 | Spider:1 | Noticed Zleub's ghost (journeyman MiFi)
 34938 | Spider:1 | Killed Zleub's ghost
 35224 | Spider:1 | Received a gift from Trog
 35587 | Spider:2 | Noticed Arachne
 35600 | Spider:2 | Received a gift from Trog
 35703 | Spider:1 | Killed Arachne
 36318 | Spider:2 | Received a gift from Trog
 37136 | Spider:2 | Reached XP level 18. HP: 168/168 MP: 17/17
 37393 | Spider:3 | Noticed Mara
 37435 | Spider:3 | Noticed nikopol's illusion
 37437 | Spider:3 | Killed Mara
 37976 | Spider:3 | Received a gift from Trog
 38285 | Spider:4 | Entered Level 4 of the Spider Nest
 38627 | Spider:4 | Received a gift from Trog
 39287 | Spider:4 | Got a gossamer rune of Zot
 39381 | Spider:4 | Received a gift from Trog
 39537 | Spider:4 | Received a gift from Trog
 40310 | Vaults:1 | Entered Level 1 of the Vaults
 40998 | Vaults:1 | Reached XP level 19. HP: 155/177 MP: 18/18
 41700 | Vaults:1 | Noticed Agnes
 41719 | Vaults:1 | Killed Agnes
 41747 | Vaults:1 | HP: 8/177 [something (1)]
 41752 | Vaults:1 | HP: 7/177 [something (2)]
 41757 | Vaults:1 | Noticed Louise
 41760 | Vaults:1 | HP: 2/177 [vampire knight/war axe (12)]
 41761 | Vaults:1 | Killed from afar by a vampire knight

Skill      XL: |  1  2  3  4  5  6  7  8  9 10 11 12 13 14 15 16 17 18 |
---------------+-------------------------------------------------------+-----
Fighting       | 4 5 6 8 9 10 11 12 13 14 15 16 17 | 17.5
Polearms       | 4 5 6 7 9 10 11 12 13 15 16 17 18 19 | 19.8
Dodging        | 3 4 5 6 8 9 10 11 12 13 14 15 16 | 16.1
Armour         | 3 4 5 7 8 10 11 12 13 14 15 16 17 | 17.3
Bows           | 4 6 8 10 12 15 17 18 19 | 19.8

Action                   |  1- 3 |  4- 6 |  7- 9 | 10-12 | 13-15 | 16-18 | 19-21 || total
-------------------------+-------+-------+-------+-------+-------+-------+-------++-------
Melee: Spear             |    70 |   162 |    63 |       |       |       |       ||   295
       Headbutt          |     6 |    28 |    41 |   107 |   276 |   480 |    51 ||   989
       Trident           |       |       |   223 |   531 |  1002 |  1330 |   132 ||  3218
       Longbow           |       |       |       |       |     1 |    12 |       ||    13
 Fire: Shortbow          |       |       |       |   208 |   374 |    10 |       ||   592
       Longbow           |       |       |       |       |   464 |   669 |    24 ||  1157
Invok: Berserk           |     1 |       |     3 |     2 |    10 |     8 |       ||    24
       Burn Spellbooks   |       |     1 |     2 |     1 |     1 |       |       ||     5
  Use: Scroll            |       |       |     5 |    10 |    29 |     8 |     1 ||    53
       Potion            |       |       |       |       |     1 |       |     1 ||     2
 Stab: Confused          |       |       |       |       |       |     3 |       ||     3
  Eat: Chunk             |       |     6 |    14 |    24 |    42 |    39 |     2 ||   127
       Fruit             |       |       |       |     1 |     2 |     3 |       ||     6
       Royal jelly       |       |       |       |     1 |       |       |       ||     1
       Pizza             |       |       |       |       |     2 |     1 |       ||     3
       Beef jerky        |       |       |       |       |     5 |     3 |       ||     8
       Meat ration       |       |       |       |       |       |     1 |       ||     1
Armor: Animal skin       |     9 |       |       |       |       |       |       ||     9
       Leather armour    |     2 |       |       |       |       |       |       ||     2
       Ring mail         |       |    35 |    58 |   156 |   330 |    59 |       ||   638
       Crystal plate arm |       |       |       |       |       |   937 |    76 ||  1013
Dodge: Dodged            |    32 |    59 |   116 |   330 |   781 |  1639 |    79 ||  3036
